Workbook

Sheet Timesheet January 2024
I1: January 2024
A4: Name of Employee: | B4: Matthew Brian | E4: Employee Number: | G4: 704704 | K4: Timesheet checklist
A5: School/Unit: | B5: Birmingham Campus | E5: Work on Validated Modules? | G5: Yes | K5: Please ensure the following are completed
A6: Post: | B6: Teaching / Non-Teaching | K6: Employee Name | M6: =IF(B4="", 0, 1) -> 1
A7: Cost Centre: | B7: UWTSD Birmingham (G4001) | K7: Employee Number | M7: =IF(G4="", 0, 1) -> 1
A8: Post Number: | K8: Employee Signature | M8: =IF(C114="", 0, 1) -> 1
A11: Teaching Activity (Timetabled lecture, dissertation supervision & resit/rework support) | L11: To be completed by Admin.
A12: Date | B12: Start | C12: End | D12: Break | E12: Total Hours | F12: Module Code | G12: Module Title | I12: Description of work undertaken | L12: Confirmed by | M12: Comments
A13: 45307 | B13: 09:15 | C13: 13:15 | E13: =(C13-B13)*24-D13 -> 4 | F13: ACCA4026 | G13: =_xlfn.IFNA(VLOOKUP(F13,Data!A:B,2,FALSE), "") -> Software Solutions for Business | I13: Timetabled Lecture
A14: 45308 | B14: 09:15 | C14: 13:15 | E14: =(C14-B14)*24-D14 -> 4 | F14: LCLM4001 | G14: =_xlfn.IFNA(VLOOKUP(F14,Data!A:B,2,FALSE), "") -> Academic Skills | I14: Timetabled Lecture
A15: 45308 | B15: 14:00 | C15: 18:00 | E15: =(C15-B15)*24-D15 -> 4 | F15: LCBB4006 | G15: =_xlfn.IFNA(VLOOKUP(F15,Data!A:B,2,FALSE), "") -> Academic Skills | I15: Timetabled Lecture
A16: 45309 | B16: 09:15 | C16: 13:15 | E16: =(C16-B16)*24-D16 -> 4 | F16: LCHS4001 | G16: =_xlfn.IFNA(VLOOKUP(F16,Data!A:B,2,FALSE), "") -> Academic and Employability Skills | I16: Timetabled Lecture
A17: 45309 | B17: 14:00 | C17: 18:00 | E17: =(C17-B17)*24-D17 -> 4 | F17: LCLM4001 | G17: =_xlfn.IFNA(VLOOKUP(F17,Data!A:B,2,FALSE), "") -> Academic Skills | I17: Timetabled Lecture
A18: 45314 | B18: 09:15 | C18: 13:15 | E18: =(C18-B18)*24-D18 -> 4 | F18: ACCA4026 | G18: =_xlfn.IFNA(VLOOKUP(F18,Data!A:B,2,FALSE), "") -> Software Solutions for Business | I18: Timetabled Lecture
A19: 45315 | B19: 09:15 | C19: 13:15 | E19: =(C19-B19)*24-D19 -> 4 | F19: LCLM4001 | G19: =_xlfn.IFNA(VLOOKUP(F19,Data!A:B,2,FALSE), "") -> Academic Skills | I19: Timetabled Lecture
A20: 45315 | B20: 14:00 | C20: 18:00 | E20: =(C20-B20)*24-D20 -> 4 | F20: LCBB4006 | G20: =_xlfn.IFNA(VLOOKUP(F20,Data!A:B,2,FALSE), "") -> Academic Skills | I20: Timetabled Lecture
A21: 45316 | B21: 09:15 | C21: 13:15 | E21: =(C21-B21)*24-D21 -> 4 | F21: LCHS4001 | G21: =_xlfn.IFNA(VLOOKUP(F21,Data!A:B,2,FALSE), "") -> Academic and Employability Skills | I21: Timetabled Lecture
A22: 45316 | B22: 14:00 | C22: 18:00 | E22: =(C22-B22)*24-D22 -> 4 | F22: LCLM4001 | G22: =_xlfn.IFNA(VLOOKUP(F22,Data!A:B,2,FALSE), "") -> Academic Skills | I22: Timetabled Lecture
A23: 45321 | B23: 09:15 | C23: 13:15 | E23: =(C23-B23)*24-D23 -> 4 | F23: ACCA4026 | G23: =_xlfn.IFNA(VLOOKUP(F23,Data!A:B,2,FALSE), "") -> Software Solutions for Business | I23: Timetabled Lecture
A24: 45322 | B24: 09:15 | C24: 13:15 | E24: =(C24-B24)*24-D24 -> 4 | F24: LCLM4001 | G24: =_xlfn.IFNA(VLOOKUP(F24,Data!A:B,2,FALSE), "") -> Academic Skills | I24: Timetabled Lecture
A25: 45322 | B25: 14:00 | C25: 18:00 | E25: =(C25-B25)*24-D25 -> 4 | F25: LCBB4006 | G25: =_xlfn.IFNA(VLOOKUP(F25,Data!A:B,2,FALSE), "") -> Academic Skills | I25: Timetabled Lecture
E26: =(C26-B26)*24-D26 -> 0 | G26: =_xlfn.IFNA(VLOOKUP(F26,Data!A:B,2,FALSE), "")
E27: =(C27-B27)*24-D27 -> 0 | G27: =_xlfn.IFNA(VLOOKUP(F27,Data!A:B,2,FALSE), "")
E28: =(C28-B28)*24-D28 -> 0 | G28: =_xlfn.IFNA(VLOOKUP(F28,Data!A:B,2,FALSE), "")
E29: =(C29-B29)*24-D29 -> 0 | G29: =_xlfn.IFNA(VLOOKUP(F29,Data!A:B,2,FALSE), "")
E30: =(C30-B30)*24-D30 -> 0 | G30: =_xlfn.IFNA(VLOOKUP(F30,Data!A:B,2,FALSE), "")
E31: =(C31-B31)*24-D31 -> 0 | G31: =_xlfn.IFNA(VLOOKUP(F31,Data!A:B,2,FALSE), "")
E32: =(C32-B32)*24-D32 -> 0 | G32: =_xlfn.IFNA(VLOOKUP(F32,Data!A:B,2,FALSE), "")
E33: =(C33-B33)*24-D33 -> 0 | G33: =_xlfn.IFNA(VLOOKUP(F33,Data!A:B,2,FALSE), "")
E34: =(C34-B34)*24-D34 -> 0 | G34: =_xlfn.IFNA(VLOOKUP(F34,Data!A:B,2,FALSE), "")
E35: =(C35-B35)*24-D35 -> 0 | G35: =_xlfn.IFNA(VLOOKUP(F35,Data!A:B,2,FALSE), "")
E36: =(C36-B36)*24-D36 -> 0 | G36: =_xlfn.IFNA(VLOOKUP(F36,Data!A:B,2,FALSE), "")
E37: =(C37-B37)*24-D37 -> 0 | G37: =_xlfn.IFNA(VLOOKUP(F37,Data!A:B,2,FALSE), "")
D38: Total: | E38: =SUM(E13:E37) -> 52
F40: =SUM(E13:E37) -> 52
A41: Pre-agreed Non-Teaching Activity (Team/staff/module meetings, training, module lead, etc…) | L41: To be completed by Admin.
A42: Hourly Rate (inc. Holiday Pay): £40
A43: Date | B43: Start | C43: End | D43: Break | E43: Total Hours | F43: Module Code | G43: Description of work undertaken | K43: Pre-agreed by | L43: Confirmed by | M43: Comments
A44: 45299 | B44: 14:00 | C44: 15:00 | E44: =(C44-B44)*24-D44 -> 1 | F44: LCHS4001 | G44: Acdemic and Employability meeting | K44: Mark Gallagher-Read
A45: 45302 | B45: 10:00 | C45: 11:00 | E45: =(C45-B45)*24-D45 -> 1 | G45: All Staff Meeting | K45: Mark Gallagher-Read
A46: 45302 | B46: 11:00 | C46: 12:00 | E46: =(C46-B46)*24-D46 -> 1 | F46: LCLM4001 | G46: Academic skills meeting | K46: Mark Gallagher-Read
A47: 45302 | B47: 14:00 | C47: 15:00 | E47: =(C47-B47)*24-D47 -> 1 | F47: LCBB4006 | G47: Academic skills meeting | K47: Mark Gallagher-Read
A48: 45310 | B48: 10:00 | C48: 11:00 | E48: =(C48-B48)*24-D48 -> 1 | G48: Panotpto Training | K48: Mark Gallagher-Read
A49: 45313 | B49: 14:00 | C49: 15:00 | E49: =(C49-B49)*24-D49 -> 1 | F49: LCHS4001 | G49: Academic and Employbility meeting | K49: Mark Gallagher-Read
E50: =(C50-B50)*24-D50 -> 0
E51: =(C51-B51)*24-D51 -> 0
E52: =(C52-B52)*24-D52 -> 0
E53: =(C53-B53)*24-D53 -> 0
E54: =(C54-B54)*24-D54 -> 0
E55: =(C55-B55)*24-D55 -> 0
D56: Total: | E56: =SUM(E44:E55)*40 -> 240 | F56: =SUM(E44:E55) -> 6
A59: Pre-agreed non-teaching work with Admissions Team (Interview, interview training sessions, etc...) | L59: To be completed by Admin and Admissions.
A60: Hourly Rate (inc. Holiday Pay): £40
A61: Date | B61: Start | C61: End | D61: Break | E61: Total Hours | F61: Description of work undertaken | K61: Pre-agreed by | L61: Confirmed by | M61: Comments
E62: =(C62-B62)*24-D62 -> 0
E69: =(C69-B69)*24-D69 -> 0
E70: =(C70-B70)*24-D70 -> 0
E71: =(C71-B71)*24-D71 -> 0
D72: Total: | E72: =SUM(E62:E71)*40 -> 0
A75: Marking (Assignments, dissertations, projects, exams, etc...) | K75: To be completed by Admin & Assessments.
A76: Date | B76: Module Code | C76: Module Title | G76: Description of work undertaken | I76: No. of scripts | J76: Rate Per Script | K76: Confirmed by | L76: Comments
C77: =_xlfn.IFNA(VLOOKUP(B77,'Marking Rates'!A:D,2,FALSE), "") | J77: =_xlfn.IFNA(VLOOKUP(B77,'Marking Rates'!A:D,3,FALSE), "")
C78: =_xlfn.IFNA(VLOOKUP(B78,'Marking Rates'!A:D,2,FALSE), "") | J78: =_xlfn.IFNA(VLOOKUP(B78,'Marking Rates'!A:D,3,FALSE), "")
C79: =_xlfn.IFNA(VLOOKUP(B79,'Marking Rates'!A:D,2,FALSE), "") | J79: =_xlfn.IFNA(VLOOKUP(B79,'Marking Rates'!A:D,3,FALSE), "")
C80: =_xlfn.IFNA(VLOOKUP(B80,'Marking Rates'!A:D,2,FALSE), "") | J80: =_xlfn.IFNA(VLOOKUP(B80,'Marking Rates'!A:D,3,FALSE), "")
C81: =_xlfn.IFNA(VLOOKUP(B81,'Marking Rates'!A:D,2,FALSE), "") | J81: =_xlfn.IFNA(VLOOKUP(B81,'Marking Rates'!A:D,3,FALSE), "")
C82: =_xlfn.IFNA(VLOOKUP(B82,'Marking Rates'!A:D,2,FALSE), "") | J82: =_xlfn.IFNA(VLOOKUP(B82,'Marking Rates'!A:D,3,FALSE), "")
C83: =_xlfn.IFNA(VLOOKUP(B83,'Marking Rates'!A:D,2,FALSE), "") | J83: =_xlfn.IFNA(VLOOKUP(B83,'Marking Rates'!A:D,3,FALSE), "")
C84: =_xlfn.IFNA(VLOOKUP(B84,'Marking Rates'!A:D,2,FALSE), "") | J84: =_xlfn.IFNA(VLOOKUP(B84,'Marking Rates'!A:D,3,FALSE), "")
C85: =_xlfn.IFNA(VLOOKUP(B85,'Marking Rates'!A:D,2,FALSE), "") | J85: =_xlfn.IFNA(VLOOKUP(B85,'Marking Rates'!A:D,3,FALSE), "")
C86: =_xlfn.IFNA(VLOOKUP(B86,'Marking Rates'!A:D,2,FALSE), "") | J86: =_xlfn.IFNA(VLOOKUP(B86,'Marking Rates'!A:D,3,FALSE), "")
C87: =_xlfn.IFNA(VLOOKUP(B87,'Marking Rates'!A:D,2,FALSE), "") | J87: =_xlfn.IFNA(VLOOKUP(B87,'Marking Rates'!A:D,3,FALSE), "")
C88: =_xlfn.IFNA(VLOOKUP(B88,'Marking Rates'!A:D,2,FALSE), "") | J88: =_xlfn.IFNA(VLOOKUP(B88,'Marking Rates'!A:D,3,FALSE), "")
I89: Total: | J89: =SUMPRODUCT(I77:I88,J77:J88) -> 0
I90: =SUM(I77:I88) -> 0
A92: Other Marking (Moderation, etc...) | K92: To be completed by Admin & Assessments.
A93: Date | B93: Module Code | C93: Module Title | G93: Description of work undertaken | I93: No. of scripts | J93: Rate Per Script | K93: Confirmed by | L93: Comments
C94: =_xlfn.IFNA(VLOOKUP(B94,'Marking Rates'!A:D,2,FALSE), "") | J94: =_xlfn.IFNA(VLOOKUP(B94,'Marking Rates'!A:D,4,FALSE), "")
C95: =_xlfn.IFNA(VLOOKUP(B95,'Marking Rates'!A:D,2,FALSE), "") | J95: =_xlfn.IFNA(VLOOKUP(B95,'Marking Rates'!A:D,4,FALSE), "")
C96: =_xlfn.IFNA(VLOOKUP(B96,'Marking Rates'!A:D,2,FALSE), "") | J96: =_xlfn.IFNA(VLOOKUP(B96,'Marking Rates'!A:D,4,FALSE), "")
C97: =_xlfn.IFNA(VLOOKUP(B97,'Marking Rates'!A:D,2,FALSE), "") | J97: =_xlfn.IFNA(VLOOKUP(B97,'Marking Rates'!A:D,4,FALSE), "")
C98: =_xlfn.IFNA(VLOOKUP(B98,'Marking Rates'!A:D,2,FALSE), "") | J98: =_xlfn.IFNA(VLOOKUP(B98,'Marking Rates'!A:D,4,FALSE), "")
C99: =_xlfn.IFNA(VLOOKUP(B99,'Marking Rates'!A:D,2,FALSE), "") | J99: =_xlfn.IFNA(VLOOKUP(B99,'Marking Rates'!A:D,4,FALSE), "")
C100: =_xlfn.IFNA(VLOOKUP(B100,'Marking Rates'!A:D,2,FALSE), "") | J100: =_xlfn.IFNA(VLOOKUP(B100,'Marking Rates'!A:D,4,FALSE), "")
C101: =_xlfn.IFNA(VLOOKUP(B101,'Marking Rates'!A:D,2,FALSE), "") | J101: =_xlfn.IFNA(VLOOKUP(B101,'Marking Rates'!A:D,4,FALSE), "")
C102: =_xlfn.IFNA(VLOOKUP(B102,'Marking Rates'!A:D,2,FALSE), "") | J102: =_xlfn.IFNA(VLOOKUP(B102,'Marking Rates'!A:D,4,FALSE), "")
C103: =_xlfn.IFNA(VLOOKUP(B103,'Marking Rates'!A:D,2,FALSE), "") | J103: =_xlfn.IFNA(VLOOKUP(B103,'Marking Rates'!A:D,4,FALSE), "")
C104: =_xlfn.IFNA(VLOOKUP(B104,'Marking Rates'!A:D,2,FALSE), "") | J104: =_xlfn.IFNA(VLOOKUP(B104,'Marking Rates'!A:D,4,FALSE), "")
C105: =_xlfn.IFNA(VLOOKUP(B105,'Marking Rates'!A:D,2,FALSE), "") | J105: =_xlfn.IFNA(VLOOKUP(B105,'Marking Rates'!A:D,4,FALSE), "")
I106: Total: | J106: =SUMPRODUCT(I94:I105,J94:J105) -> 0
I108: =SUM(I94:I105) -> 0
B109: Total Teaching Hours: | E109: =E38 -> 52
B111: Total Additional Payment: | E111: =SUM(J106,J89,E72,E56) -> 240
A114: Employee Signature: | C114: Matthew Brian
A116: Countersigned:
A119: Please Note: Timesheets must be signed by both the employee and an appropriate budget holder.
A120: An hourly rate for a lecturer includes preparation, delivery and assessment, therefore additional hours should not be paid for preparation and assessment.
A121: In order to ensure equity of pay rates across the University it is recommended that rates of pay are checked with HR before agreeing with the employee.
A123: Please enter home address within this box:
A124: 42 Hartslade, Lichfield. WS14 9RH.

Sheet Marking Rates
A1: Component Code | B1: Name | C1: Marking Rate | D1: Moderation
A2: ACCA4019 C1 | B2: Analysing and Solving Problems (50%) | C2: 5 | D2: 5
A3: ACCA4019 C2 | B3: Analysing and Solving Problems (50%) | C3: 5 | D3: 5
A4: ACCA4022 C1 | B4: Computer Architecture and Operating Systems (50%) | C4: 5 | D4: 5
A5: ACCA4022 C2 | B5: Computer Architecture and Operating Systems (50%) | C5: 5 | D5: 5
A6: ACCA4023 C1 | B6: Introduction to Web and Database Concepts (50%) | C6: 5 | D6: 5
A7: ACCA4023 C2 | B7: Introduction to Web and Database Concepts (50%) | C7: 5 | D7: 5
A8: ACCA4024 C1 | B8: Networks and Cyber Security Essentials (50%) | C8: 5 | D8: 5
A9: ACCA4024 C2 | B9: Networks and Cyber Security Essentials (50%) | C9: 5 | D9: 5
A10: ACCA4025 C1 | B10: Learning in the Digital Era (50%) | C10: 5 | D10: 5
A11: ACCA4025 C2 | B11: Learning in the Digital Era (50%) | C11: 5 | D11: 5
A12: ACCA4026 | B12: Software Solutions for Business (100%) | C12: 10 | D12: 5
A13: ACCA5019 C1 | B13: Business and Web Management (50%) | C13: 5 | D13: 5
... A215: LCBM7034 | B215: International Business Concepts (100%) | C215: 10 | D215: 5

Sheet Data
A1: Module Code | B1: Course Name | D1: Date | E1: Time | F1: Break | G1: No. Scripts | H1: Agreed/Confirmed
A2: ACCA4019 | B2: Analysing and Solving Problems | D2: 45292 | E2: 07:00 | F2: 0.25 | G2: 1 | H2: DB | K2: Timetabled Lecture | M2: Student Interviews/Admissions
A3: ACCA4022 | B3: Computer Architecture and Operating Systems | D3: 45293 | E3: 07:15 | F3: 0.5 | G3: 2 | H3: CS | K3: Academic Success Session | M3: Admissions Training Session
A4: ACCA4023 | B4: Introduction to Web and Database Concepts | D4: 45294 | E4: 07:30 | F4: 0.75 | G4: 3 | H4: Admissions | K4: Dissertation Supervision
A5: ACCA4024 | B5: Networks and Cyber Security Essentials | D5: 45295 | E5: 07:45 | F5: 1 | G5: 4 | H5: Assessments | K5: Resit/Rework Support
A6: ACCA4025 | B6: Learning in the Digital Era | D6: 45296 | E6: 08:00 | F6: 1.25 | G6: 5 | H6: Abida Perveen
A7: ACCA4026 | B7: Software Solutions for Business | D7: 45297 | E7: 08:15 | F7: 1.5 | G7: 6 | H7: Aliyu Sambo | M7: Marking Assignment
A8: ACCA5019 | B8: Business and Web Management | D8: 45298 | E8: 08:30 | F8: 2 | G8: 7 | H8: Besty Jose | K8: Academic Support | M8: Marking Dissertation
A9: ACCA5023 | B9: Network Operating Systems and Services | D9: 45299 | E9: 08:45 | G9: 8 | H9: Colin Barr | K9: All Staff Meeting | M9: Marking Exam
A10: ACCA5024 | B10: Advanced Networking | D10: 45300 | E10: 09:00 | G10: 9 | H10: Jakub Ceglarz | K10: Awards Ceremony | M10: Marking Presentation
A11: ACCA5026 | B11: Databases and Application Development | D11: 45301 | E11: 09:15 | G11: 10 | H11: Chloe Harries | K11: Mentor Meeting | M11: Marking Project
A12: ACCA5029 | B12: Network Programmability | D12: 45302 | E12: 09:30 | G12: 11 | H12: Corey Street-Coffman | K12: Module Lead Time
A13: ACCA5033 | B13: Changemakers: Creativity and Value Creation | D13: 45303 | E13: 09:45 | G13: 12 | H13: Hamdi Hussain | K13: Module Meeting
A14: ACCA5034 | B14: Data Security and Compliance | D14: 45304 | E14: 10:00 | G14: 13 | H14: Khaza Ahmed | K14: Module Update/Content Development | M14: Assignment Moderation
A15: ACCA5036 | B15: Scripting and Programming Concepts | D15: 45305 | E15: 10:15 | G15: 14 | H15: Lucy Gilbert | K15: Team Meeting | M15: Dissertation Moderation
A16: ACCA6019 | B16: Emerging Trends | D16: 45306 | E16: 10:30 | G16: 15 | H16: Mark Gallagher-Read | K16: Training/CPD (please add details here) | M16: Exam Moderation
A17: ACCA6020 | B17: Independent Project | D17: 45307 | E17: 10:45 | G17: 16 | H17: Md Nazmul Hassan | M17: Presentation Moderation
A18: ACCA6022 | B18: Switching, Routing and Wireless | D18: 45308 | E18: 11:00 | G18: 17 | H18: Quality Assurance | M18: Project Moderation
A19: ACCA6025 | B19: Cloud Computing Administration | D19: 45309 | E19: 11:15 | G19: 18 | H19: Richard Vernon
A20: ACCB4017 | B20: Software Development | D20: 45310 | E20: 11:30 | G20: 19 | H20: Sujeewa Herath
A21: ACCB6000 | B21: Advanced Cyber Security | D21: 45311 | E21: 11:45 | G21: 20 | H21: Student Engagement
A22: BMHP5003 | B22: Introduction to Physiology | D22: 45312 | E22: 12:00 | G22: 21 | H22: Vasilios Tavlaridis
A23: BMHP5004 | B23: Children Young People and Families | D23: 45313 | E23: 12:15 | G23: 22 | H23: Yohan Mendis
A24: BMHP5005 | B24: Introduction to Research | D24: 45314 | E24: 12:30 | G24: 23
A25: BMHP5014 | B25: Changemakers: Creativity and Value Creation | D25: 45315 | E25: 12:45 | G25: 24
A26: BMHP5015 | B26: Changemakers: Building your Personal Brand for Sustainable Employment | D26: 45316 | E26: 13:00 | G26: 25
A27: BMHP5016 | B27: Principles of Health and Social Care | D27: 45317 | E27: 13:15 | G27: 26
A28: BMHP5021 | B28: Protecting and Supporting Families in the Health and Care | D28: 45318 | E28: 13:30 | G28: 27
A29: BMHP5023 | B29: Introduction to Physiology | D29: 45319 | E29: 13:45 | G29: 28
A30: BMHP6006 | B30: Mental Disorders and Psychopathology | D30: 45320 | E30: 14:00 | G30: 29
A31: BMHP6009 | B31: Living with Care: The Older Person | D31: 45321 | E31: 14:15 | G31: 30
A32: BMHP6020 | B32: Independent Project | D32: 45322 | E32: 14:30 | G32: 31
A33: BMHP6021 | B33: Health, Wellbeing and Sustainable Development | E33: 14:45 | G33: 32
A34: BMHP6022 | B34: Community Care and Development | E34: 15:00 | G34: 33
A35: BMSW5101 | B35: Developing Workplace Critical Thinking | E35: 15:15 | G35: 34
A36: BMSW5102 | B36: Developing Relationships and Workplace Achievement | E36: 15:30 | G36: 35
A37: BMSW5103 | B37: Understanding and Engaging in the Customer Experience | E37: 15:45 | G37: 36
A38: BMSW5104 | B38: Managing Projects in the Organisation | E38: 16:00 | G38: 37
A39: BMSW5105 | B39: Workplace Culture and its Impact on Organisational Efficiency | E39: 16:15 | G39: 38
A40: BMSW5106 | B40: Knowledge and Information Management Skills For The Workplace | E40: 16:30 | G40: 39
A41: BMSW6101 | B41: Emergent Leadership Skills for the Workplace | E41: 16:45 | G41: 40
A42: BMSW6102 | B42: Developing Innovation and Creativity for Business Advantage | E42: 17:00 | G42: 41
A43: BMSW6103 | B43: Leading and Implementing Workplace Change | E43: 17:15 | G43: 42
A44: BMSW6104 | B44: Strategic Management for SMEs | E44: 17:30 | G44: 43
... A66: LCBB6000 | B66: Dissertation (Proposal) | E66: 23:00 | G66: 65
A67: LCBB6001 | B67: International Business Communications | G67: 66
A68: LCBB6002 | B68: International Financial Management | G68: 67
A69: LCBB6003 | B69: Leadership and Management Theory Practice | G69: 68
A70: LCBB6004 | B70: Strategic Management and Sustainability | G70: 69
A71: LCHS4001 | B71: Academic and Employability Skills | G71: 70
A72: LCHS4003 | B72: Introduction to Health and Social Care | G72: 71
A73: LCHS4007 | B73: Digital Skills and Research Methods | G73: 72
A74: LCHS4008 | B74: Introduction to Public Health | G74: 73
A75: LCHS4009 | B75: Professional Development within Health and Social Care | G75: 74
A76: LCHS4010 | B76: Psychology in Health and Social Care | G76: 75
A77: LCHS7000 | B77: Social Epidemiology and Public Health Development | G77: 76
A78: LCHS7001 | B78: Practice Based Research | G78: 77
... A118: LCBM7034 | B118: International Business Concepts | G118: 117
G119: 118
G120: 119
G121: 120
G122: 121
G123: 122
G124: 123
G125: 124
G126: 125
G127: 126
G128: 127
G129: 128
G130: 129
... G201: 200
